 Dungeon Crawl Stone Soup version 0.30.1-4-g462c640d31 (webtiles) character file.

Game seed: 2308229999263417389

43400 Nick1 the Blocker (level 14, -2/113 HPs)
             Began as a Formicid Fighter on Sept 18, 2023.
             Was an Elder of Okawaru.
             Slain by a steelbarb worm (30 damage)
             ... on level 2 of the Spider Nest.
             The game lasted 01:33:26 (16631 turns).

Nick1 the Blocker (Formicid Fighter)               Turns: 16631, Time: 01:33:27

Health: -2/113     AC: 26    Str: 29    XL:     14   Next: 60%
Magic:  9/15       EV: 10    Int:  8    God:    Okawaru [****..]
Gold:   1616       SH: 32    Dex: 12    Spells: 13/13 levels left

rFire   + + .        w - +0 broad axe
rCold   . . .        R - +7 tower shield of Card Tricks {rN+}
rNeg    + + .        O - +1 plate armour of Midsummer {Will+ rCorr}
rPois   +            (helmet unavailable)
rElec   .            (no cloak)
rCorr   +            k - +1 pair of gloves
SInv    +            o - +0 pair of boots
Will    +++..        Y - amulet "Gucaerro" {Reflect Rampage rF++ Will+ SH+5} Stlth
                     y - +4 ring of protection
HPRegen 0.38/turn    B - ring of positive energy
MPRegen 0.14/turn

%: reflection, clarity, rampage
@: heroic, finesse-ful, spiked, glowing
A: permanent stasis, dig shafts and tunnels, antennae 3, four strong arms,
clarity, poison resistance, strong 1
a: Dig, Shaft Self, Renounce Religion, Heroism, Finesse


You were on level 2 of the Spider Nest.
You worshipped Okawaru.
Okawaru was greatly pleased with you.
You visited 4 branches of the dungeon, and saw 18 of its levels.
You also visited: Ice Cave.

You collected 1616 gold pieces.

Inventory:

Hand Weapons
 m - a +3 vampiric glaive
 p - a +0 morningstar of chaos
 w - a +0 broad axe (weapon)
 L - a +0 mace of holy wrath
 W - a +3 scimitar of flaming
Missiles
 d - 6 boomerangs
 j - 10 poisoned darts (quivered)
 n - 3 javelins
 s - 4 curare-tipped darts
 x - a silver javelin
Armour
 k - a +1 pair of gloves (worn)
 o - a +0 pair of boots (worn)
 O - the +1 plate armour of Midsummer (worn) {Will+ rCorr}
   (Okawaru gifted it to you on level 11 of the Dungeon)

   rCorr:     It protects you from acid and corrosion.
   Will:      It increases your willpower.
 P - +0 acid dragon scales
 R - the +7 tower shield of Card Tricks (worn) {rN+}
   (Okawaru gifted it to you in an ice cave)

   rN:        It protects you from negative energy.
Jewellery
 y - a +4 ring of protection (left hand)
 B - a ring of positive energy (right hand)
 E - a +5 ring of evasion
 Y - the amulet "Gucaerro" (around neck) {Reflect Rampage rF++ Will+ SH+5}
   (You found it in an ice cave)

   [amulet of reflection]

   It reflects blocked missile attacks.
   rF:        It greatly protects you from fire.
   SH:        It affects your SH (+5).
   Rampage:   It bestows one free step when moving towards enemies.
   Will:      It increases your willpower.
Wands
 a - a wand of digging (5)
 g - a wand of flame (38)
 h - a wand of paralysis (16)
 z - a wand of roots (11)
 D - a wand of mindburst (40)
 Q - a wand of polymorph (5)
 U - a wand of light (9)
Scrolls
 b - a scroll of silence
 c - 5 scrolls of immolation
 e - 5 scrolls of enchant armour
 r - 3 scrolls of enchant weapon
 u - a scroll of identify
 v - 4 scrolls of magic mapping
 A - a scroll of fog
 C - 3 scrolls of fear
 F - 2 scrolls of poison
 J - a scroll of vulnerability
 K - a scroll of amnesia
Potions
 i - 2 potions of cancellation
 l - 2 potions of brilliance
 q - 3 potions of curing
 t - 2 potions of attraction
 M - a potion of invisibility
 N - a potion of experience
 V - a potion of magic
 X - a potion of resistance
 Z - a potion of lignification


   Skills:
 * Level 11.2(16.2) Fighting
 * Level 13.1(19.4) Axes
 + Level 10.0(17.9) Polearms
 + Level 4.9(9.9) Throwing
 * Level 11.2(16.2) Armour
 + Level 2.0(7.0) Dodging
 + Level 0.5(5.5) Stealth
 * Level 14.5(19.5) Shields
 + Level 1.9 Invocations


You had 13 spell levels left.
You didn't know any spells.
Your spell library contained the following spells:

 Spells                   Type           Power      Damage    Failure   Level
 Shock                    Conj/Air       0%         1d3       98%         1
 Cigotuvi's Dreadful Rot  Necr/Pois/Air  0%         N/A       99%         2
 Scorch                   Fire           0%         2d5       99%         2
 Dazzling Flash           Conj/Hex       0%         N/A       100%        3
 Hailstorm                Conj/Ice       0%         3d3       100%        3
 Ignite Poison            Fire/Tmut/Pois 0%         N/A       100%        3
 Volatile Blastmotes      Fire/Tloc      0%         2d10      100%        3
 Airstrike                Air            0%         2d(0-16)  100%        4
 Flame Wave               Conj/Fire      0%         2d4       100%        4
 Ice Form                 Ice/Tmut       0%         N/A       100%        4
 Iskenderun's Mystic Bla  Conj/Tloc      0%         2d3       100%        4
 Freezing Cloud           Conj/Ice/Air   0%         6-21      100%        5
 Starburst                Conj/Fire      0%         6d3       100%        6
 Orb of Destruction       Conj           0%         9d5       100%        7
 Summon Guardian Golem    Hex/Summ       Unusable   N/A       N/A         3
 Swiftness                Air            Unusable   N/A       N/A         3
 Simulacrum               Ice/Necr       Unusable   N/A       N/A         6
 Summon Cactus Giant      Summ           Unusable   N/A       N/A         6
 Spellforged Servitor     Conj/Summ      Unusable   N/A       N/A         7

Dungeon Overview and Level Annotations

Branches:
Dungeon (12/15)            Temple (1/1) D:7            Lair (3/5) D:11
  Swamp (0/4) Lair:3       Spider (2/4) Lair:2        IceCv (visited)
    Orc: D:9-12

Altars:
Ashenzari
Cheibriados
Dithmenos
Elyvilon
Fedhas
Gozag
Hepliaklqana
Kikubaaqudgha
Makhleb
Nemelex Xobeh
Okawaru
Qazlal
Ru
Trog
Vehumet
Wu Jian
Xom
Zin
The Shining One

Shops:
D:2 =

Annotations:
D:9 exclusion: ice statue
Lair:2 exclusion: oklob plant
Spider:1 1 runed translucent door, MrPagan1517's ghost, journeyman MiFi; Roxanne


Innate Abilities, Weirdness & Mutations

You cannot be hasted, slowed, berserked, paralysed or teleported.
You can dig through walls and to a lower floor.
You have a pair of large antennae on your head. (SInv)
Your four strong arms can wield two-handed weapons with a shield.
You possess an exceptional clarity of mind.
Your system is resistant to poisons. (rPois)
Your muscles are strong. (Str +4, Int/Dex -1)


Message History

You can now deal lightning-fast blows.
You can no longer enter into single combat with a foe.
Okawaru will no longer gift you equipment.
You block the culicivora's attack.
The steelbarb worm hits you but does no damage.
The jumping spider leaps!
You block the redback's attack.
A steelbarb worm comes into view.
The jumping spider closely misses you. The jumping spider barely misses you.
The moth of wrath goads the redback on!
The redback goes berserk!
The moth of wrath goads the wolf spider on!
The wolf spider goes berserk!
The moth of wrath goads the wolf spider on!
The wolf spider goes berserk!
The sun moth bites you but does no damage.
The steelbarb worm hits you!
* * * LOW HITPOINT WARNING * * *
Barbed spikes become lodged in your body.
Unknown command.
You hit the sun moth but do no damage.
The sun moth is moderately wounded.
You hit the wolf spider. You hit the redback. You slice the jumping spider!!
You barely miss the redback.
You hit the steelbarb worm but do no damage.
You block the redback's attack. You block the wolf spider's attack.
The wolf spider bites you!
* * * LOW HITPOINT WARNING * * *
The culicivora rages.
The jumping spider pounces on you!
* * * LOW HITPOINT WARNING * * *
The jumping spider bites you but does no damage.
The sun moth throws energy at you. The bolt of energy hits you!
* * * LOW HITPOINT WARNING * * *
Unknown command.
The barbs in your skin will harm you if you move.
Continue?
Okay, then.
You feel much better. You block the redback's attack.
The wolf spider hits you but does no damage.
You block the wolf spider's attack. The steelbarb worm hits you!!
You die...

.(..
.#.##
°..^s.
s.s#
###s..#
#s.s.
#ws#○
#@s#


#ssy# #ssy# ....# #..s.# #..... ##...w #.#... You could see a sun moth, 2
steelbarb worms, a demonic crawler, 2 wolf spiders, a moth of wrath, a
culicivora (berserk), 5 jumping spiders and 4 redbacks.

Vanquished Creatures
  Gastronok (D:10)
  Donald (Spider:1)
  A ghost moth (Spider:1)
  Louise (Spider:1)
  2 catoblepae
  Erolcha (D:10)
  2 boulder beetles (Lair:1)
  Erica (D:11)
  3 two-headed ogres (D:11)
  Amaemon (D:10)
  2 pharaoh ants (Spider:1)
  2 orb spiders (Spider:1)
  Lodul (D:10)
  A steelbarb worm (Spider:1)
  An ugly thing (IceCv)
  A wolf spider (Lair:2)
  2 manticores (D:11)
  2 black mambas
  2 ice statues (IceCv)
  3 demonic crawlers (Spider:1)
  5 cane toads
  An orange demon (D:10)
  3 rime drakes
  8 komodo dragons
  An ice devil (D:9)
  3 kobold demonologists
  An anaconda simulacrum (IceCv)
  2 tengu conjurers (D:11)
  An unseen horror skeleton (D:9)
  3 trolls
  3 meliai (Spider:1)
  A merfolk (D:11)
  A tarantella (Lair:2)
  3 blink frogs (Lair:3)
  6 dream sheep (Lair:3)
  5 jumping spiders
  3 culicivoras
  7 wyverns
  15 yaks
  A hog (D:11)
  A basilisk (Lair:2)
  14 redbacks
  A death yak simulacrum (IceCv)
  9 vampire mosquitoes
  Menkaure (D:4)
  2 acid dragons
  6 water moccasins
  Duvessa (D:6)
  8 black bears
  6 orc warriors
  21 wolves
  7 ogres
  4 boggarts (Lair:3)
  3 centaurs
  A phantom (D:6)
  5 kobold brigands
  18 bullfrogs
  3 gnoll sergeants (D:11)
  4 scorpions
  5 wights (D:8)
  Dowan (D:6)
  6 killer bees
  An elephant simulacrum (IceCv)
  5 howler monkeys
  6 electric eels (D:11)
  3 hounds
  A centaur zombie (D:9)
  A centaur skeleton (D:9)
  5 orc priests
  3 gnoll boudas (D:11)
  Natasha (twice) (D:4)
  10 orc wizards
  A polar bear simulacrum (IceCv)
  A wolf simulacrum (IceCv)
  A centaur simulacrum (D:9)
  8 gnolls (D:11)
  A howler monkey skeleton (D:9)
  6 adders
  3 white imps
  6 ufetubi (D:9)
  2 dart slugs (D:2)
  31 orcs
  3 endoplasms
  2 giant cockroaches
  5 goblins
  6 hobgoblins
  4 jackals (D:1)
  40 kobolds
  3 quokkas
  A ball python (D:2)
  5 bats
  A frilled lizard (D:1)
  8 rats
  A spectral hobgoblin (D:1)
407 creatures vanquished.

Vanquished Creatures (others)
  An ugly thing (IceCv)
  A kobold brigand (D:11)
2 creatures vanquished.

Grand Total: 409 creatures vanquished

Notes
Turn   | Place    | Note
-------+----------+-------------------------------------------
     0 | D:1      | Nick1 the Formicid Fighter began the quest for the Orb.
     0 | D:1      | Reached XP level 1. HP: 18/18 MP: 1/1
    38 | D:1      | You fall into a shaft and drop 1 floor!
    40 | D:2      | Found Ulabb's Jewellery Shop.
    86 | D:2      | Found a white marble altar of Elyvilon.
   131 | D:1      | Reached XP level 2. HP: 24/24 MP: 2/2
   269 | D:1      | Found a faded altar of an unknown god.
   658 | D:2      | Reached XP level 3. HP: 30/30 MP: 3/3
  1377 | D:3      | Reached XP level 4. HP: 37/37 MP: 4/4
  1431 | D:3      | Noticed a scorpion
  1448 | D:3      | Killed a scorpion
  1449 | D:3      | Reached skill level 1 in Polearms
  1449 | D:3      | Reached skill level 1 in Throwing
  1449 | D:3      | Reached XP level 5. HP: 36/42 MP: 5/5
  1764 | D:3      | Found a blossoming altar of Fedhas.
  1765 | D:3      | Found a shimmering altar of Xom.
  1765 | D:3      | Found a broken altar of Ashenzari.
  1773 | D:3      | Found a burning altar of Makhleb.
  1776 | D:3      | Found a shadowy altar of Dithmenos.
  2068 | D:4      | Reached XP level 6. HP: 48/48 MP: 6/6
  2227 | D:4      | Identified the ring of Yjem {rN+ Str+4 Dex+6 Slay-5}
  2467 | D:4      | Noticed Menkaure
  2467 | D:4      | Noticed Natasha
  2550 | D:4      | Killed Natasha
  2595 | D:4      | Noticed Natasha
  2600 | D:4      | Killed Menkaure
  2601 | D:4      | Reached skill level 5 in Shields
  2601 | D:4      | Reached XP level 7. HP: 31/55 MP: 7/7
  2601 | D:4      | Killed Natasha
  2696 | D:5      | Entered Level 5 of the Dungeon
  2919 | D:5      | Found an opulent altar of Gozag.
  3082 | D:5      | Found a hazy altar of Hepliaklqana.
  3506 | D:6      | Noticed Duvessa
  3506 | D:6      | Noticed Dowan
  3514 | D:6      | Killed Dowan
  3520 | D:6      | Killed Duvessa
  3525 | D:6      | Reached XP level 8. HP: 44/61 MP: 8/8
  3807 | D:6      | Found a glowing golden altar of the Shining One.
  3865 | D:6      | Reached skill level 5 in Axes
  3865 | D:6      | Reached skill level 5 in Armour
  3992 | D:6      | Reached skill level 5 in Fighting
  4316 | D:7      | Found a staircase to the Ecumenical Temple.
  4325 | Temple   | Entered the Ecumenical Temple
  4366 | Temple   | Became a worshipper of Warmaster Okawaru
  4407 | D:7      | Reached skill level 6 in Shields
  4678 | D:7      | Reached * piety under Okawaru
  4702 | D:7      | Reached XP level 9. HP: 55/68 MP: 9/9
  5145 | D:8      | Found a sacrificial altar of Ru.
  5168 | D:8      | Reached skill level 1 in Dodging
  5168 | D:8      | Reached skill level 7 in Shields
  5173 | D:8      | Reached skill level 5 in Polearms
  5178 | D:8      | Reached ** piety under Okawaru
  5242 | D:8      | Found a bloodstained altar of Trog.
  5450 | D:8      | Reached XP level 10. HP: 77/77 MP: 10/10
  5802 | D:9      | Found an ornate altar of the Wu Jian Council.
  5833 | D:9      | Reached *** piety under Okawaru
  5845 | D:9      | Reached skill level 8 in Shields
  5958 | D:9      | Noticed an ice devil
  5960 | D:9      | Noticed an ice devil
  5985 | D:9      | Noticed an ice devil
  6127 | D:9      | Noticed an ice devil
  6127 | D:9      | Noticed an ice devil
  6137 | D:9      | Noticed an ice devil
  6150 | D:9      | Noticed an ice statue
  6208 | D:9      | Killed an ice devil
  6208 | D:9      | Reached **** piety under Okawaru
  6311 | D:9      | Found a sparkling altar of Nemelex Xobeh.
  6311 | D:9      | Noticed a kobold demonologist
  6320 | D:9      | Noticed an orange demon
  6349 | D:9      | Noticed an ice devil
  6353 | D:9      | Noticed a sixfirhy
  6354 | D:9      | Noticed a rust devil
  6355 | D:9      | Killed a kobold demonologist
  6672 | D:10     | Entered Level 10 of the Dungeon
  6672 | D:10     | Noticed Lodul
  6682 | D:10     | Killed Lodul
  6683 | D:10     | Reached XP level 11. HP: 35/84 MP: 9/11
  6686 | D:10     | Received a gift from Okawaru
  6967 | D:10     | Noticed Gastronok
  6995 | D:10     | Killed Gastronok
  6995 | D:10     | Reached ***** piety under Okawaru
  6996 | D:10     | Reached skill level 9 in Shields
  7394 | D:10     | Noticed Amaemon
  7414 | D:10     | Killed Amaemon
  7585 | D:10     | Noticed Erolcha
  7597 | D:10     | Killed Erolcha
  8132 | D:11     | Identified the +1 plate armour of Midsummer {Will+ rCorr}
                  | (Okawaru gifted it to you on level 11 of the Dungeon)
  8132 | D:11     | Received a gift from Okawaru
  8352 | D:11     | Reached skill level 10 in Axes
  8352 | D:11     | Reached XP level 12. HP: 88/94 MP: 12/12
  8422 | D:11     | Reached skill level 10 in Shields
  8604 | D:11     | Found a shimmering altar of Xom.
  8645 | D:11     | Noticed a two-headed ogre
  8651 | D:11     | Killed a two-headed ogre
  8734 | D:11     | Noticed a two-headed ogre
  8734 | D:11     | Noticed a two-headed ogre
  8737 | D:11     | You fall into a shaft and drop 1 floor!
  9134 | D:11     | HP: 3/95 [merfolk/+0 trident (13)]
  9367 | D:11     | Killed a two-headed ogre
  9368 | D:11     | Reached skill level 1 in Invocations
  9621 | D:11     | Killed a two-headed ogre
  9687 | D:11     | Noticed Erica
  9700 | D:11     | Killed Erica
 10341 | D:11     | Identified the staff of poison "Acheathi" {rElec rPois rC-
                  | Str+4 Dex-2 SInv}
 10350 | D:11     | Reached skill level 11 in Shields
 10503 | D:11     | Found a staircase to the Lair.
 10975 | D:11     | Gained mutation: You passively map a small area around you.
                  | [potion of mutation]
 10975 | D:11     | Gained mutation: You are partially covered in iridescent
                  | scales. (AC +2) [potion of mutation]
 10976 | D:11     | Lost mutation: You are partially covered in iridescent
                  | scales. (AC +2) [potion of mutation]
 10976 | D:11     | Lost mutation: You passively map a small area around you.
                  | [potion of mutation]
 10976 | D:11     | Gained mutation: Your spells are a little easier to cast,
                  | but a little less powerful. [potion of mutation]
 10976 | D:11     | Gained mutation: Your flesh is cold resistant. (rC+)
                  | [potion of mutation]
 11072 | D:11     | Received a gift from Okawaru
 11403 | Lair:1   | Entered Level 1 of the Lair of Beasts
 11403 | Lair:1   | Noticed a boulder beetle
 11413 | Lair:1   | Killed a boulder beetle
 11485 | Lair:1   | Reached XP level 13. HP: 76/103 MP: 13/13
 11688 | Lair:1   | Received a gift from Okawaru
 11884 | Lair:1   | Reached skill level 10 in Armour
 11892 | Lair:1   | Reached skill level 10 in Fighting
 12560 | Lair:2   | Found a frozen archway.
 12583 | IceCv    | Entered an ice cave
 12594 | IceCv    | Reached skill level 12 in Shields
 12601 | IceCv    | Identified the +7 tower shield of Card Tricks {rN+}
                  | (Okawaru gifted it to you in an ice cave)
 12601 | IceCv    | Received a gift from Okawaru
 12660 | IceCv    | Found a transporter.
 12673 | IceCv    | Found a transporter.
 12766 | IceCv    | Identified the amulet "Gucaerro" {Reflect Rampage rF++
                  | Will+ SH+5}
 12923 | Lair:2   | Noticed a catoblepas
 12938 | Lair:2   | Killed a catoblepas
 12939 | Lair:2   | Found a hole to the Spider Nest.
 13650 | Lair:3   | Noticed a catoblepas
 13668 | Lair:3   | Killed a catoblepas
 13852 | Lair:3   | Found a staircase to the Swamp.
 13981 | Lair:3   | Reached XP level 14. HP: 107/111 MP: 14/14
 14120 | Lair:3   | Reached skill level 13 in Shields
 14553 | Lair:3   | Lost mutation: Your spells are a little easier to cast, but
                  | a little less powerful. [potion of mutation]
 14553 | Lair:3   | Lost mutation: Your flesh is cold resistant. (rC+) [potion
                  | of mutation]
 14553 | Lair:3   | Gained mutation: You are clumsy. (Dex -2) [potion of
                  | mutation]
 14554 | Lair:3   | Lost mutation: You are clumsy. (Dex -2) [potion of
                  | mutation]
 14554 | Lair:3   | Gained mutation: Your system is resistant to poisons.
                  | (rPois) [potion of mutation]
 14554 | Lair:3   | Gained mutation: Your muscles are strong. (Str +4, Int/Dex
                  | -1) [potion of mutation]
 14554 | Lair:3   | Gained mutation: You possess an exceptional clarity of
                  | mind. [potion of mutation]
 14607 | Spider:1 | Entered Level 1 of the Spider Nest
 14894 | Spider:1 | Noticed Louise
 14907 | Lair:2   | Identified the +0 scale mail "Letwoeth" {SInv} (Okawaru
                  | gifted it to you on level 2 of the Lair of Beasts)
 14907 | Lair:2   | Received a gift from Okawaru
 15173 | Spider:1 | Killed Louise
 15701 | Spider:1 | Identified Roxanne's Notes on the Cwm
 15701 | Spider:1 | Noticed Roxanne
 15744 | Spider:1 | Noticed Donald
 15760 | Spider:1 | Killed Donald
 15761 | Spider:1 | Reached skill level 14 in Shields
 16074 | Spider:1 | Noticed a ghost moth
 16083 | Spider:1 | Killed a ghost moth
 16276 | Spider:1 | Found a runed translucent door.
 16341 | Spider:1 | Reached skill level 10 in Polearms
 16399 | Spider:1 | Noticed MrPagan1517's ghost (journeyman MiFi)
 16630 | Spider:2 | HP: 2/113 [disintegration (7)]
 16631 | Spider:2 | Slain by a steelbarb worm

Illustrated notes

Levels and vault maps discovered:
D:1:      pf_arrival_petrified_forest, layout_rooms,
          dreamdust_ecumenical_altar_drowned_temple, serial_rivers,
          chequers_serial_rivers_micro_a, chequers_serial_rivers_micro_c,
          chequers_serial_rivers_micro_e, chequers_serial_rivers_micro_a,
          chequers_serial_rivers_small_b
D:2:      layout_basic, serial_shops, nicolae_square_shop, basic_altar
D:3:      minmay_recursive_quarters, layout_loops_ring,
          minmay_overflow_temple_star_hex
D:4:      layout_basic, feat_on_display, uniq_sigmund, uniq_natasha,
          uniq_menkaure
D:5:      layout_rooms, mainiacjoe_overflow_six_doors_small,
          grunt_gozag_breadcrumbs, serial_co_window_serial,
          co_window_of_opportunity_a, co_window_of_opportunity_a,
          co_window_corner_a, co_window_paths_a, co_window_paths_a,
          co_window_unsneaky_path_e, co_window_cross_3,
          co_window_unsneaky_path_b, co_window_broadway_a, co_window_cross_3,
          glass_columns_c, glass_columns_a
D:6:      layout_loops_corners, tso_altar, grunt_ministairs_12, uniq_duvessa
D:7:      layout_loops_ring, minmay_temple_entry_sparse_star,
          grunt_decor_mini_mirrors, grunt_ministairs_2
D:8:      layout_cave_pods, nicolae_ru_awakened_eye, lemuel_doored_altar,
          minivault_21
D:9:      cheibrodos_frozen_isle, layout_basic, mainiacjoe_overflow_paths,
          lemuel_round_altar, hangedman_weighted_door
D:10:     layout_loops_ring, uniq_gastronok, uniq_lodul, uniq_amaemon,
          uniq_erolcha
D:11:     kennysheep_town, uniq_erica
D:12:     layout_roguey, david_orc_4, gammafunk_ghost_ooze
Temple:   jpeg_temple_alley_garden
Lair:1:   layout_cave_pods
Lair:2:   layout_misc_corridors, spider_nest_entry_web_field,
          portal_ice_cave_rime, minmay_lair_oklob_items, grunt_megastairs_4
Lair:3:   layout_small_grid, swamp_mist, kilobyte_rumbling_trees
Spider:1: layout_spider_delve, ebering_ghost_reflecting_pool, uniq_donald,
          uniq_louise, uniq_roxanne
Spider:2: layout_spider_delve

Skill      XL: |  1  2  3  4  5  6  7  8  9 10 11 12 13 14 |
---------------+-------------------------------------------+-----
Axes           | 3 4 5 6 7 10 11 12 13 | 13.1
Fighting       | 4 5 6 7 8 9 10 11 | 11.2
Polearms       | 1 2 4 5 7 8 9 10 | 10.0
Throwing       | 1 2 3 4 |  4.9
Armour         | 4 5 6 7 8 9 10 11 | 11.2
Shields        | 5 6 7 8 9 11 12 14 | 14.5
Dodging        | 1 2 |  2.0
Invocations    | 1 |  1.9
Stealth        | |  0.5

Action                     |  1- 3 |  4- 6 |  7- 9 | 10-12 | 13-15 || total
---------------------------+-------+-------+-------+-------+-------++-------
  Melee: War axe           |    59 |    22 |    37 |   290 |   116 ||   524
         Glaive            |    22 |    53 |   112 |   367 |   229 ||   783
         Broad axe         |       |       |       |       |   200 ||   200
  Throw: Boomerang         |    19 |    35 |    46 |     6 |       ||   106
         Dart              |       |       |       |    47 |   110 ||   157
 Invoke: Heroism           |       |       |       |     6 |     8 ||    14
         Finesse           |       |       |       |     3 |     4 ||     7
Ability: Dig               |       |       |     1 |       |       ||     1
         Shaft Self        |       |       |       |     1 |       ||     1
    Use: Scroll            |     2 |     3 |     6 |    11 |     6 ||    28
         Potion            |       |       |     1 |    10 |    10 ||    21
 Armour: Scale mail        |    37 |    38 |       |       |       ||    75
         Chain mail        |       |     3 |    80 |   209 |       ||   292
         Plate armour      |       |       |       |   218 |   277 ||   495
  Dodge: Dodged            |    41 |    34 |    60 |   218 |   114 ||   467
  Block: Buckler           |    20 |    15 |       |       |       ||    35
         Kite shield       |       |     3 |    71 |   432 |    82 ||   588
         Tower shield      |       |       |       |       |   676 ||   676
         Reflection        |       |       |       |       |     2 ||     2
